 Dungeon Crawl Stone Soup version 0.22.1-1-ga44c0e5 (webtiles) character file.

360 dvd the Firebug (level 6, 0/55 HPs)
             Began as an Octopode Fire Elementalist on Oct 6, 2018.
             Succumbed to poison (a needle trap)
             ... in an ossuary.
             The game lasted 00:09:30 (4187 turns).

dvd the Firebug (Octopode Fire Elementalist)        Turns: 4187, Time: 00:09:30

Health: 0/55       AC: 23    Str:  5 (8)  XL:     6   Next: 65%
Magic:  5/11       EV:  2    Int: 21 (24) God:
Gold:   161        SH:  0    Dex:  9 (12) Spells: 4/11 levels left

rFire    + . .     SeeInvis .   u - +2 falchion (holy)
rCold    + . .     Gourm    .   (no shield)
rNeg     + + +     Faith    .   (helmet currently unavailable)
rPois    +         Spirit   .   (no amulet)
rElec    +         Reflect  .   m - ring of protection from magic
rCorr    +         Harm     .   (no ring)
MR       +....     NoTele   +   (no ring)
Stlth    ++........             (no ring)
HPRegen  0.18/turn              (no ring)
MPRegen  0.12/turn              (no ring)
                                (no ring)
                                (no ring)

@: brilliant, lethally poisoned (0 -> -5), tree-form, resistant, very slightly
contaminated
A: almost no armour, stealthy swim, (amphibious), 8 rings, (constrict 8)
a: no special abilities


You were in an ossuary.
You were hungry.
You were a tree.
You visited 1 branch of the dungeon, and saw 4 of its levels.
You also visited: Ossuary.

You collected 161 gold pieces.

Inventory:

Hand Weapons
 a - a +0 falchion of electrocution
 l - a +0 long sword
 n - a +2 spear of venom
 p - a +2 short sword of venom
 u - a +2 falchion of holy wrath (weapon)
Jewellery
 m - a ring of protection from magic (left branch)
Scrolls
 c - 3 scrolls of remove curse {unknown}
 d - 2 scrolls of fear {unknown}
 e - a scroll of blinking {unknown}
 f - a scroll of identify {unknown}
 i - a scroll of teleportation {unknown}
 r - a scroll of noise {unknown}
Potions
 h - a potion of degeneration
 o - a potion of flight
 q - a potion of berserk rage {unknown}
 t - a potion of curing {unknown}
Comestibles
 b - 5 rations


   Skills:
 + Level 0.9 Fighting
 + Level 0.6(1.4) Short Blades
 + Level 2.0(2.1) Long Blades
   Level 0.1 Maces & Flails
 + Level 0.3 Polearms
 + Level 2.9 Dodging
 + Level 3.8 Stealth
 + Level 3.4 Spellcasting
 + Level 2.2 Conjurations
 + Level 4.4 Fire Magic


You had 4 spell levels left.
You knew the following spells:

 Your Spells              Type           Power        Failure   Level  Hunger
a - Flame Tongue          Conj/Fire      ####.        1%          1    None
b - Throw Flame           Conj/Fire      ####..       1%          2    ##.....
c - Sticky Flame          Conj/Fire      ####....     4%          4    ####...

Your spell library contained the following spells:

 Spells                   Type           Power        Failure   Level  Hunger
 Conjure Flame            Conj/Fire      ####....     1%          3    ###....
 Inner Flame              Hex/Fire       ####....     1%          3    ###....
 Fireball                 Conj/Fire      ####......   10%         5    ######.


Dungeon Overview and Level Annotations

Branches:
Dungeon (4/15)
 Temple: D:4-7

Altars:
Ru


Innate Abilities, Weirdness & Mutations

You cannot wear most types of armour.
You are very stealthy in the water. (Stealth+)
((You are amphibious.))
You can wear up to eight rings at the same time.
((You can use your tentacles to constrict eight enemies at once.))
((Your skin changes colour to match your surroundings (Stealth+).))
((Your rubbery body absorbs attacks. (AC +1, EV +1)))


Message History

There is an open door here.
It was a potion of degeneration.
There was something very wrong with that liquid.
You feel weakened.
You feel dopey.
You feel clumsy.
It was a potion of flight.
You feel very buoyant.
You fly up into the air.
* * * LOW HITPOINT WARNING * * *
You feel sick.
A mummy opens the door.
It was a potion of brilliance.
You feel clever all of a sudden.
* * * LOW HITPOINT WARNING * * *
You feel sick.
It was a potion of resistance.
You feel protected.
* * * LOW HITPOINT WARNING * * *
You feel sick.
It was a potion of lignification.
You turn into a tree.
Your roots penetrate the ground.
You die...

..# #...# ..# #...#
..# #...# #'# ##M##
^.# #^..# ^.# #..^#
..# #^.^# ^^# #^^^#
################♣###
..#...#....'^..#...#
..#^.^'....#.^.'...#
..'^..#....#...#..∩#
####################


You could see a mummy.

Vanquished Creatures
  2 water moccasin zombies (Ossuary)
  Terence (D:3)
  4 big kobold zombies (Ossuary)
  A mummy (Ossuary)
  5 adders
  An ooze (D:2)
  3 adder zombies (Ossuary)
  A leopard gecko (D:2)
  An orc (D:3)
  3 giant cockroaches
  5 goblins
  6 hobgoblins
  12 jackals
  2 quokkas (D:3)
  9 bats
  5 frilled lizards
  2 gnoll zombies (Ossuary)
  A goblin zombie (D:4)
  2 hobgoblin zombies (Ossuary)
  8 kobolds
  3 kobold zombies (Ossuary)
  10 orc zombies (Ossuary)
  7 rats
  A rat zombie (D:4)
95 creatures vanquished.

Notes
Turn   | Place    | Note
-------+----------+-------------------------------------------
     0 | D:1      | dvd the Octopode Fire Elementalist began the quest for the
                  | Orb.
     0 | D:1      | Reached XP level 1. HP: 11/11 MP: 3/3
   133 | D:1      | Reached XP level 2. HP: 15/17 MP: 0/5
   189 | D:1      | Learned a level 2 spell: Throw Flame
   888 | D:1      | Reached XP level 3. HP: 19/21 MP: 6/6
  1629 | D:2      | Reached XP level 4. HP: 17/27 MP: 7/7
  2126 | D:2      | Found a sacrificial altar of Ru.
  2263 | D:2      | Reached skill level 4 in Fire Magic
  2815 | D:3      | Noticed Terence
  2820 | D:3      | Killed Terence
  2820 | D:3      | Reached XP level 5. HP: 17/31 MP: 3/9
  3219 | D:4      | Found a sand-covered staircase.
  3235 | Ossuary  | Entered an ossuary
  3887 | Ossuary  | Reached skill level 1 in Long Blades
  3887 | Ossuary  | Reached XP level 6. HP: 36/37 MP: 8/10
  4121 | Ossuary  | Learned a level 4 spell: Sticky Flame
  4186 | Ossuary  | HP: 1/37 [poison (a needle trap)]
  4187 | Ossuary  | Succumbed to poison (a needle trap)

Skill      XL: |  1  2  3  4  5  6 |
---------------+-------------------+-----
Fire Magic     | 4 |  4.4
Stealth        | 3 |  3.8
Spellcasting   | 3 |  3.4
Long Blades    | 1 2 |  2.0
Conjurations   | 2 |  2.2
Fighting       | |  0.9
Short Blades   | |  0.6
Maces & Flails | |  0.1
Polearms       | |  0.3
Dodging        | |  2.9

Action                   |  1- 3 |  4- 6 || total
-------------------------+-------+-------++-------
Melee: Unarmed           |    14 |       ||    14
       Constrict         |     9 |    22 ||    31
       Tentacles         |     4 |    14 ||    18
       Mace              |    17 |       ||    17
       Spear             |     5 |    11 ||    16
       Short sword       |       |     9 ||     9
       Falchion          |       |    47 ||    47
 Cast: Flame Tongue      |    51 |    43 ||    94
       Throw Flame       |     6 |    10 ||    16
       Sticky Flame      |       |     1 ||     1
  Use: Potion            |       |     5 ||     5
 Stab: Sleeping          |     1 |     5 ||     6
  Eat: Chunk             |     3 |     5 ||     8
       Ration            |       |     1 ||     1
Armor: Skin              |     9 |     4 ||    13
Dodge: Dodged            |    49 |    42 ||    91
       Rpst.: Falchion   |       |    11 ||    11
